 Dungeon Crawl Stone Soup version 0.17-a0-1301-ga863c44 (webtiles) character file.

5 InterDimensionalOwl the Sneak (level 1, -3/15 HPs)
             Began as a Naga Air Elementalist on June 7, 2015.
             Slain by a gnoll
             ... wielding a +0 club
              (6 damage)
             ... on level 1 of the Dungeon.
             The game lasted 00:02:46 (234 turns).

InterDimensionalOwl the Sneak (NaAE)                 Turns: 234, Time: 00:02:46

Health: -3/15      AC:  1    Str: 10    XL:     1   Next: 80%
Magic:  1/3        EV: 10    Int: 15    God:
Gold:   0          SH:  0    Dex: 11    Spells: 1 memorised, 3 levels left

rFire  . . .     SeeInvis +     (no weapon)
rCold  . . .     Clarity  .     a - +0 robe
rNeg   . . .     SustAt   .     (no shield)
rPois  +         Gourm    .     (no helmet)
rElec  .         Spirit   .     (no cloak)
rCorr  .         Warding  .     (no gloves)
rMut   .         Stasis   .     (no barding)
MR     .....                    (no amulet)
Stlth  ++........               (no ring)
                                (no ring)

@: very slightly contaminated, very slow, not resistant to hostile enchantments,
unstealthy
A: see invisible, deformed body, poison resistance, slowness 2, slow metabolism
1, spit poison 2, AC +0
a: Spit Poison


You were on level 1 of the Dungeon.
You were not hungry.

You visited 1 branch of the dungeon, and saw 1 of its levels.

Inventory:

Missiles
 e - 14 stones (quivered)
Armour
 a - a +0 robe (worn)
Books
 b - a book of Air

   Spells                             Type                      Level
   a - Shock                          Conjuration/Air              1
   b - Swiftness                      Charms/Air                   2
   c - Repel Missiles                 Charms/Air                   2
   d - Static Discharge               Conjuration/Air              3
   e - Lightning Bolt                 Conjuration/Air              5
Comestibles
 c - 3 bread rations
 d - a chunk of flesh


   Skills:
 - Level 1.5 Dodging
 + Level 3.3 Stealth
 + Level 2.0 Spellcasting
 - Level 1.0 Conjurations
 + Level 3.2 Air Magic


You had 3 spell levels left.
You knew the following spells:

 Your Spells              Type           Power        Failure   Level  Hunger
a - Shock                 Conj/Air       #...         12%         1    #......


Dungeon Overview and Level Annotations

Branches:
Dungeon (1/15)

Altars:


Innate Abilities, Weirdness & Mutations

You cannot wear boots.
Your serpentine skin is tough (AC +0).
You have supernaturally acute eyesight.
Armour fits poorly on your strangely shaped body.
Your system is resistant to poisons.
You cover ground very slowly.
You have a slow metabolism.
You can spit poison.


Message History

The giant cockroach is almost dead.
The giant cockroach bites you.
You hit the giant cockroach.
You kill the giant cockroach!
e - 12 stones (gained 7)
e - 13 stones (gained 1)
e - 14 stones (gained 1) Some of the chunks of flesh in your inventory have rotted away.
A gnoll comes into view. It is wielding a club.
The gnoll hits you with a club.
* * * LOW HITPOINT WARNING * * *
Casting: Shock
Confirm with . or Enter, or press ? or * to list all spells.
Aiming: Shock
Press: ? - help, Shift-Dir - straight line, f - gnoll
Aim: a gnoll, wielding a club You miscast Shock.
You are very lightly contaminated with residual magic.
Nothing appears to happen.
The gnoll hits you with a club.
You die...

#..........#
#..#
#.#.#.#.#..#
...#
#..........# ..#
#.#.#.#.#..# ..#
#..........# #.#
#.#.#.#.#..# #.#
#.........##
#.#####.##.#####
#....g@....#
####.####### #.#
..# ####


You could see a gnoll.

Vanquished Creatures
  2 bats (D:1)
  A giant cockroach (D:1)
  A goblin (D:1)
  A rat (D:1)
5 creatures vanquished.

Notes
Turn   | Place    | Note
--------------------------------------------------------------
     0 | D:1      | InterDimensionalOwl the Naga Air Elementalist began the quest for the Orb.
     0 | D:1      | Reached XP level 1. HP: 15/15 MP: 3/3
     0 | D:1      | Noticed an ice dragon
     1 | D:1      | Noticed an iron dragon
     1 | D:1      | Noticed a shadow dragon
     3 | D:1      | Noticed a shadow dragon
     3 | D:1      | Noticed an ice dragon
     6 | D:1      | Noticed an iron dragon
     8 | D:1      | Noticed a tentacled monstrosity
     9 | D:1      | Noticed an orb of fire
    12 | D:1      | Noticed a black draconian
    12 | D:1      | Noticed an iron dragon
    14 | D:1      | Noticed a shadow dragon
    15 | D:1      | Noticed an ice dragon
    17 | D:1      | Noticed an orb of fire
    19 | D:1      | Noticed a shadow dragon
    19 | D:1      | Noticed an ice dragon
    19 | D:1      | Noticed a black draconian
    23 | D:1      | Noticed an iron dragon
    23 | D:1      | Noticed a shadow dragon
    27 | D:1      | Noticed an ice dragon
   234 | D:1      | Slain by a gnoll

Vault maps used:
D:1:      shiori_arrival_whats_in_store_for_you, serial_glass, glass_columns_a,
          glass_columns_b, glass_columns_a, glass_columns_b, glass_columns_b,
          glass_columns_a, glass_columns_c, glass_columns_a, glass_columns_a,
          glass_columns_b, glass_columns_c, glass_columns_b, glass_columns_c,
          glass_columns_a

Action                   || total
-------------------------++-------
Melee: Unarmed           ||     1
Throw: Stone             ||    10
 Cast: Shock             ||    11
